 Dungeon Crawl Stone Soup version 0.22-a0-282-gdd34a7d (webtiles) character file.

4 Amnesiac the Vexing (level 1, 0/10 HPs)
             Began as a Deep Elf Enchanter on Mar 18, 2018.
             Slain by a bat (1 damage)
             ... on level 1 of the Dungeon.
             The game lasted 00:00:43 (452 turns).

Amnesiac the Vexing (Deep Elf Enchanter)             Turns: 452, Time: 00:00:44

Health: 0/10       AC:  2    Str:  5    XL:     1   Next: 58%
Magic:  6/6        EV: 13    Int: 19    God:
Gold:   21         SH:  0    Dex: 15    Spells: 5/6 levels left

rFire    . . .     SeeInvis .   a - +1 dagger
rCold    . . .     Gourm    .   (no shield)
rNeg     . . .     Faith    .   b - +0 robe
rPois    .         Spirit   .   (no helmet)
rElec    .         Reflect  .   (no cloak)
rCorr    .         Harm     .   (no gloves)
MR       .....                  (no boots)
Stlth    +++.......             (no amulet)
HPRegen  0.03/turn              (no ring)
MPRegen  0.10/turn              (no ring)

@: no status effects
A: no striking features
a: no special abilities


You were on level 1 of the Dungeon.
You were not hungry.

You visited 1 branch of the dungeon, and saw 1 of its levels.

You collected 21 gold pieces.

Inventory:

Hand Weapons
 a - a +1 dagger (weapon)
Armour
 b - a +0 robe (worn)
Scrolls
 c - a scroll of enchant weapon {!r, unknown}
Potions
 e - a potion of lignification {!q, unknown}
Comestibles
 d - 2 rations
 f - 4 chunks of flesh


   Skills:
 - Level 1.0 Short Blades
 - Level 2.4 Dodging
 - Level 4.0 Stealth
 + Level 3.1 Spellcasting
 - Level 4.0 Hexes


You had 5 spell levels left.
You knew the following spells:

 Your Spells              Type           Power        Failure   Level  Hunger
a - Corona                Hex            ###....      2%          1    None


Dungeon Overview and Level Annotations

Branches:
Dungeon (1/15)

Altars:


Message History

Aim: a rat (chance to defeat MR: 73%)
The rat is outlined in light.
The rat misses you.
You hit the rat.
The rat is moderately wounded.
The rat barely misses you.
You hit the rat.
The rat is severely wounded.
The rat closely misses you.
You hit the rat.
You kill the rat!
You start resting.
A ball python is nearby!
A ball python is nearby!
Things that are here:
a club; a rat corpse; a hobgoblin corpse
Casting: Corona (safe; 3% risk of failure)
Confirm with . or Enter, or press ? or * to list all spells.
Aiming: Corona (safe; 3% risk of failure)
Press: ? - help, Shift-Dir - straight line, f - ball python
Aim: a ball python (hasn't noticed you, chance to defeat MR: 73%)
The ball python hisses angrily.
The ball python is outlined in light.
The ball python bites you. The ball python misses you.
You hit the ball python.
You kill the ball python!
You see here a ball python corpse.
You butcher the ball python corpse.
f - a chunk of flesh You see here a ball python skeleton. x2
e - a viscous yellow potion {!q} Magic restored.
d - 2 rations (gained 1)
You butcher the rat corpse.
f - 2 chunks of flesh (gained 1)
You butcher the hobgoblin corpse.
f - 4 chunks of flesh (gained 2)
You see here a club. x2
Found a stone staircase leading down.
Found 28 stones.
HP restored.
You see here 28 stones.
A bat and a dart slug come into view.
Found 12 gold pieces.
Found two stone staircases leading down.
There are monsters nearby!
There are monsters nearby!
The bat hits you but does no damage. The bat misses you.
The dart slug launches a dart at you. The slug dart hits you!
Ouch! That really hurt!
* * * LOW HITPOINT WARNING * * *
The bat barely misses you. The bat misses you. The bat closely misses you.
The bat hits you but does no damage. x2
The bat hits you.
* * * LOW HITPOINT WARNING * * *
The bat barely misses you. The bat hits you but does no damage.
You see here 28 stones.
The bat hits you but does no damage. The bat closely misses you.
The bat hits you but does no damage. The bat hits you.
You die...

####################
#.......##.........####
#.......##.........##..
#####..................##..
.>.....................##..
###....######......[..##..
####...####.........)...
###.@.##.........##..
###b##.........##.> ###
##....#.......##.. # ..
#####(..###...รท...##..
..####.
##.....#...........####
.......##..######..........#
#........## #.##.......#
##..?..##### #..##.......####
##..#..b..####.###...........


You could see a bat.

Vanquished Creatures
  A goblin (D:1)
  A hobgoblin (D:1)
  A ball python (D:1)
  2 rats (D:1)
5 creatures vanquished.

Notes
Turn   | Place    | Note
-------+----------+-------------------------------------------
     0 | D:1      | Amnesiac the Deep Elf Enchanter began the quest for the Orb.
     0 | D:1      | Reached XP level 1. HP: 10/10 MP: 6/6
   452 | D:1      | Slain by a bat

Vault maps used:
D:1:      lightli_arrival_isolated_outpost

Skill      XL: |  1 |
---------------+----+-----
Stealth        | 4 |  4.0
Short Blades   | |  1.0
Dodging        | |  2.4
Spellcasting   | |  3.1
Hexes          | |  4.0

Action                   || total
-------------------------++-------
Melee: Dagger            ||    20
 Cast: Corona            ||     7
Armor: Robe              ||     8
Dodge: Dodged            ||    18

Table legend:
 A = Spawn XP
 B = Non-spawn XP
 C = Spawn XP percentage of total XP
 D = Spawn monster count
 E = Non-spawn monster count
 F = Spawn count percentage of total count
 G = Total turns spent on level
                    A         B        C        D         E        F      G
               +---------+---------+-------+---------+---------+-------+---------
         Total |       0 |       7 |   0.0 |       0 |       5 |   0.0 |   452
               +---------+---------+-------+---------+---------+-------+---------
           D:1 |       0 |       7 |   0.0 |       0 |       5 |   0.0 |   452
               +---------+---------+-------+---------+---------+-------+---------
